 Seeded DCSS version 0.29-a0-648-g6b26cc9f40 (webtiles) character file.

Game seed: 10802498693541890562 (custom seed)

71334 wilfster70 the Brawler (level 14, -12/139 (143) HPs)
             Began as a Troll Fighter on June 20, 2022.
             Was a High Priest of Okawaru.
             Mangled by an orc knight
             ... wielding a +1 bardiche of venom
              (17 damage)
             ... while paralysed by an orc sorcerer
             ... on level 2 of the Orcish Mines on June 21, 2022.
             The game lasted 01:02:03 (19665 turns).

wilfster70 the Brawler (Troll Fighter)             Turns: 19665, Time: 01:02:04

HP:   -12/139 (143) AC: 17    Str: 36    XL:     14   Next: 97%
MP:   11/18         EV:  1    Int:  8    God:    Okawaru [*****.]
Gold: 1719          SH:  0    Dex: 15    Spells: 18/18 levels left

rFire   + + .      SeeInvis .     - Unarmed
rCold   . . .      Faith    .   a - +3 tower shield {AC+3}
rNeg    + . .      Spirit   .   R - +1 robe of the Gusle {rN+ rCorr Slay+3}
rPois   .          Reflect  .   V - +2 hat
rElec   .          Harm     .   O - +2 cloak "Jurghuhe" {Str+3 Dex+8}
rCorr   +          Rampage  .   (gloves unavailable)
Will    +....                   (boots unavailable)
Stlth   +++.......              j - amulet of regeneration
HPRegen 1.93/turn               q - ring "Ichycimn" {+Blink rF++ rCorr Str+6 Dex-2}
MPRegen 0.16/turn               L - +4 ring of protection

@: paralysed, lethally poisoned (-12 -> -12), heroic, finesse-ful, lightly
drained
A: large, unfitting armour, claws 3, regeneration 1, shaggy fur 1, tough skin 1
a: Renounce Religion, Evoke Blink, Heroism, Finesse, Duel


You were on level 2 of the Orcish Mines.
You worshipped Okawaru.
Okawaru was extremely pleased with you.
You visited 4 branches of the dungeon, and saw 21 of its levels.
You also visited: Sewer and Gauntlet.

You collected 2083 gold pieces.
You spent 364 gold pieces at shops.

Inventory:

Hand Weapons
 b - a +3 vampiric morningstar
 N - the +4 scimitar of the Old World {flame, +Blink rCorr Dex-4}
   (You took it off a minotaur in a Gauntlet)

   It burns those it strikes, dealing additional fire damage.
   Big, fiery blades are also staple armaments of hydra-hunters.
   Dex:       It affects your dexterity (-4).
   +Blink:    It lets you blink.
   rCorr:     It protects you from acid and corrosion.
Missiles
 l - 2 boomerangs
 v - 4 curare-tipped darts (quivered)
 F - 16 large rocks
 G - 2 atropa-tipped darts
 H - a throwing net
 I - 5 silver javelins
 Q - 7 poisoned darts
Armour
 a - a +3 tower shield of protection (worn)
 A - +1 steam dragon scales
 O - the +2 cloak "Jurghuhe" (worn) {Str+3 Dex+8}
   (Okawaru gifted it to you on level 5 of the Lair of Beasts)

   Str:       It affects your strength (+3).
   Dex:       It affects your dexterity (+8).
 R - the +1 robe of the Gusle (worn) {rN+ rCorr Slay+3}
   (Okawaru gifted it to you on level 11 of the Dungeon)

   Slay:      It affects your accuracy & damage with ranged weapons and melee
   (+3).
   rN:        It protects you from negative energy.
   rCorr:     It protects you from acid and corrosion.
 V - a +2 hat (worn)
Jewellery
 j - an amulet of regeneration (around neck)
 q - the ring "Ichycimn" (left claw) {+Blink rF++ rCorr Str+6 Dex-2}
   (You found it in a Gauntlet)

   [ring of strength]

   Str:       It affects your strength (+6).
   Dex:       It affects your dexterity (-2).
   rF:        It greatly protects you from fire.
   +Blink:    It lets you blink.
   rCorr:     It protects you from acid and corrosion.
 L - a +4 ring of protection (right claw)
 M - a ring of ice
 T - a +4 ring of slaying
Wands
 g - a wand of polymorph (2)
 x - a wand of iceblast (1)
 y - a wand of quicksilver (24)
 z - a wand of digging (8)
 C - a wand of flame (28)
 J - a wand of mindburst (16)
 K - a wand of paralysis (9)
Scrolls
 e - a scroll of fog
 f - 12 scrolls of teleportation
 m - 11 scrolls of fear
 p - 4 scrolls of poison
 r - 7 scrolls of identify
 u - 2 scrolls of amnesia
 B - 3 scrolls of magic mapping
 S - a scroll of immolation
Potions
 c - 2 potions of might
 d - 11 potions of flight
 h - 3 potions of berserk rage
 i - 6 potions of haste
 k - 3 potions of invisibility
 n - 2 potions of brilliance
 o - 3 potions of magic
 s - 3 potions of lignification
 t - 7 potions of heal wounds
 w - 6 potions of curing
 D - 3 potions of cancellation
 E - 2 potions of mutation
Miscellaneous
 P - a tin of tremorstones (2/2)


   Skills:
 - Level 10.0(15.0) Fighting
 - Level 6.0(11.0) Throwing
 - Level 2.5(7.5) Dodging
 - Level 10.0(15.0) Shields
 - Level 15.0(20.0) Unarmed Combat
 + Level 2.6 Spellcasting
 - Level 7.0 Invocations
 - Level 10.0 Evocations


You had 18 spell levels left.
You didn't know any spells.
Your spell library contained the following spells:

 Spells                   Type           Power      Damage    Failure   Level
 Magic Dart               Conj           4%         1d3       67%         1
 Sting                    Tmut/Pois      4%         1d3       67%         1
 Poisonous Vapours        Pois/Air       2%         N/A       80%         2
 Static Discharge         Conj/Air       1%         N/A       80%         2
 Mephitic Cloud           Conj/Pois/Air  1%         N/A       95%         3
 Dispel Undead            Necr           1%         3d6       100%        4
 Olgreb's Toxic Radiance  Pois           1%         N/A       100%        4
 Passage of Golubria      Tloc           1%         N/A       100%        4
 Sticky Flame             Conj/Fire      1%         2d3       100%        4
 Fireball                 Conj/Fire      0%         3d3       100%        5
 Freezing Cloud           Conj/Ice/Air   0%         6-21      100%        5
 Lightning Bolt           Conj/Air       0%         1d11      100%        5
 Yara's Violent Unravell  Hex/Tmut       0%         3d3       100%        5
 Starburst                Conj/Fire      0%         6d3       100%        6
 Ignition                 Fire           0%         3d3       100%        8
 Maxwell's Capacitive Co  Air            0%         ∞         100%        8
 Polar Vortex             Ice            0%         N/A       100%        9
 Call Imp                 Summ           Unusable   N/A       N/A         2
 Tukima's Dance           Hex            Unusable   N/A       N/A         3
 Simulacrum               Ice/Necr       Unusable   N/A       N/A         6

Dungeon Overview and Level Annotations

Branches:
Dungeon (12/15)            Temple (1/1) D:5            Lair (6/6) D:10
  Swamp (0/4) Lair:2       Spider (0/4) Lair:4        Slime (0/5) Lair:6
    Orc (2/2) D:12          Sewer (visited)         Gauntlet (visited)
    Elf: Orc:2

Altars:
Ashenzari
Cheibriados
Fedhas
Gozag
Makhleb
Nemelex Xobeh
Okawaru
Qazlal
Ru
Trog
Xom
Yredelemnul
The Shining One
Beogh

Shops:
D:6 (   D:12 [   Orc:1 !   Orc:2 *??

Annotations:
D:7 exclusion: downstairs
D:9 3 runed translucent doors
Lair:1 exclusion: oklob plant


Innate Abilities, Weirdness & Mutations

You are too large for most types of armour.
You have claws for hands.
Your natural rate of healing is unusually fast.
You are covered in fur. (AC +1)
You have tough skin. (AC +1)


Message History

You block the orc knight's attack. x2; You block the red devil's attack.
You gain the combat prowess of a mighty hero.
The orc priest no longer looks unusually strong.
The orc knight roars a battlecry!
The orc priest goes into a battle-frenzy!
The orc sorcerer barely misses you. You block the orc knight's attack.
You block the red devil's attack.
You scratch the orc knight but do no damage.
The orc knight is moderately wounded.
You barely miss the orc knight.
The orc knight is moderately wounded.
The orc knight hits you with a +0 long sword!
The orc sorcerer casts a spell at you. The bolt of negative energy misses you.
You block the orc knight's attack.
The orc knight hits you with a +0 halberd!!
You are too injured to fight recklessly!
You are too injured to fight recklessly!
You are too injured to fight recklessly!
You scratch the red devil but do no damage.
The orc knight no longer looks unusually strong. x2
You block the red devil's attack.
You claw the red devil!
The red devil is moderately wounded.
You eviscerate the red devil!!!
You kill the red devil!
The red devil disappears in a puff of smoke!
An orc sorcerer comes into view. It is wielding a +0 dagger.
The orc knight roars a battlecry!
The orc knight goes into a battle-frenzy!
The orc sorcerer gestures at you while chanting.
You suddenly lose the ability to move!
The orc knight hits you with a +0 halberd!!
* * * LOW HITPOINT WARNING * * *
The orc knight hits you from afar with a +1 bardiche of venom!
* * * LOW HITPOINT WARNING * * *
You are poisoned.
You feel very sick.
The sixfirhy disappears in a puff of smoke!
The orc knight hits you from afar with a +1 bardiche of venom!
You die...

#...#..).## ##.....# ∩.#.....##
.. #.....# ....#..## ... ##...#.
∩.#.....## .... ##...##.
#...#....## #o#.###.......
##....#...## #...###........
##...))...## #§..###.........
##..###..)## ##oo.###..))..#...
#####..###...###@o.###....).#....
#..###..###...#)oo###............
#...###..###.#.#)###...........#.
##...###..###...###.<............
#...#.# #..###.###..........#....
##...## #..#####......#........#
###.#.#####..###....#...#.#.#..#.
#.##.....##...#.....#....####....
...................###....####.#.


You could see 3 orc knights, 2 orc sorcerers and an orc priest (strong).

Vanquished Creatures
  The ghost of MagicSucks the Grappler, a journeyman NaTm of Gozag (Lair:6)
  A minotaur (Gauntlet)
  An ettin (Orc:1)
  A hydra (Lair:5)
  3 boulder beetles
  3 catoblepae (Lair:6)
  A centaur warrior (D:11)
  3 two-headed ogres
  17 death yaks
  Nergalle (Lair:3)
  A soul eater (Orc:2)
  3 skeletal warriors (D:11)
  3 lindwurms
  An orc knight (Orc:2)
  An orc sorcerer (Orc:2)
  3 manticores
  6 elephants (Lair:2)
  3 slime creatures (D:12)
  A cyclops (D:10)
  Joseph (D:7)
  A smoke demon (Gauntlet)
  A torpor snail (Lair:5)
  3 black mambas (Lair:5)
  A gargoyle (D:11)
  8 cane toads
  3 unseen horrors
  A rime drake (Lair:5)
  A kobold demonologist (D:10)
  11 komodo dragons
  3 trolls
  2 polar bears (Lair:6)
  A hornet (D:9)
  Grinder (D:5)
  A tyrant leech (Gauntlet)
  13 dream sheep
  28 blink frogs
  A vampire (D:8)
  A wraith (D:12)
  4 shadows (Gauntlet)
  A water elemental (D:12)
  Sigmund (D:5)
  11 flying skulls (Gauntlet)
  4 wyverns
  65 yaks
  A neqoxec (Orc:2)
  3 steam dragons
  2 basilisks
  Menkaure (D:4)
  3 swamp worms (Gauntlet)
  A warg (Orc:1)
  Edmund (D:4)
  3 acid dragons
  18 water moccasins
  Duvessa (D:4)
  Pargi (D:3)
  4 black bears
  22 orc warriors
  2 ice beasts (D:7)
  4 ogres (Orc:1)
  4 centaurs
  12 wolves
  A phantom (D:6)
  11 bullfrogs
  The ghost of Tonnatak the Ducker, an amateur SpWn of Uskayaw (D:4)
  A necrophage (D:6)
  6 kobold brigands
  2 gnoll sergeants
  11 scorpions
  5 wights (D:7)
  Dowan (D:4)
  11 killer bees
  2 howler monkeys
  10 electric eels
  3 crimson imps (Gauntlet)
  4 hounds
  8 jellies
  18 orc priests
  A gnoll shaman (D:10)
  3 iguanas
  Ijyb (D:5)
  Terence (D:3)
  13 orc wizards
  Robin (D:2)
  8 gnolls (D:6)
  13 adders
  4 river rats (Sewer)
  A shadow imp (D:6)
  An ufetubus (D:6)
  5 worms
  2 dart slugs (D:5)
  52 orcs
  9 bats
  24 endoplasms
  7 giant cockroaches
  15 goblins
  6 hobgoblins
  6 jackals
  19 kobolds
  6 quokkas
  16 ball pythons
  14 frilled lizards
  7 rats
635 creatures vanquished.

Vanquished Creatures (others)
  65 fungi
  61 plants
126 creatures vanquished.

Grand Total: 761 creatures vanquished

Notes
Turn   | Place    | Note
-------+----------+-------------------------------------------
     0 | D:1      | wilfster70 the Troll Fighter began the quest for the Orb.
     0 | D:1      | Reached XP level 1. HP: 22/22 MP: 0/0
    11 | D:1      | Identified a scroll of acquirement
    11 | D:1      | Acquired a +0 tower shield of protection
   183 | D:1      | Reached XP level 2. HP: 29/29 MP: 1/1
   394 | D:1      | Found Resops's Armour Shop.
   533 | D:1      | Reached XP level 3. HP: 36/36 MP: 2/2
  1519 | D:2      | Reached XP level 4. HP: 42/45 MP: 3/3
  1600 | D:2      | Reached skill level 3 in Unarmed Combat
  1621 | D:2      | Noticed Robin
  1633 | D:2      | Killed Robin
  2027 | D:3      | Found a glowing drain.
  2031 | Sewer    | Entered a sewer
  2051 | Sewer    | Reached XP level 5. HP: 51/53 MP: 4/4
  2359 | D:3      | Noticed Terence
  2368 | D:3      | Killed Terence
  2613 | D:3      | Noticed Pargi
  2644 | D:3      | Killed Pargi
  2645 | D:3      | Reached skill level 4 in Unarmed Combat
  2645 | D:3      | Reached XP level 6. HP: 56/62 MP: 5/5
  2652 | D:3      | Found a faded altar of an unknown god.
  3178 | D:4      | Noticed Dowan
  3178 | D:4      | Noticed Duvessa
  3202 | D:4      | Killed Duvessa
  3203 | D:4      | Reached XP level 7. HP: 39/70 MP: 6/6
  3278 | D:4      | Killed Dowan
  3301 | D:4      | Noticed Edmund
  3303 | D:4      | Found a large runed translucent door.
  3304 | D:4      | Found a large runed translucent door.
  3311 | D:4      | Killed Edmund
  3321 | D:4      | Noticed Tonnatak's ghost (amateur SpWn)
  3354 | D:4      | Reached skill level 5 in Unarmed Combat
  3413 | D:4      | Noticed Menkaure
  3419 | D:4      | Killed Menkaure
  3420 | D:4      | Reached skill level 5 in Shields
  4122 | D:5      | Entered Level 5 of the Dungeon
  4225 | D:5      | Reached skill level 5 in Fighting
  4387 | D:5      | Noticed Sigmund
  4398 | D:5      | Killed Sigmund
  4399 | D:5      | Reached XP level 8. HP: 80/80 MP: 7/7
  4622 | D:5      | Found a snail-covered altar of Cheibriados.
  4623 | D:5      | Found a stormy altar of Qazlal.
  4625 | D:5      | Found a shimmering altar of Xom.
  4625 | D:5      | Found a sparkling altar of Nemelex Xobeh.
  4713 | D:5      | Reached skill level 6 in Unarmed Combat
  4767 | D:5      | Found a staircase to the Ecumenical Temple.
  4769 | D:5      | Noticed Grinder
  4773 | D:5      | Paralysed by Grinder for 5 turns
  4782 | D:5      | Paralysed by Grinder for 4 turns
  4787 | D:5      | Killed Grinder
  4820 | Temple   | Entered the Ecumenical Temple
  4896 | Temple   | Became a worshipper of Warmaster Okawaru
  5073 | D:5      | Noticed Ijyb
  5081 | D:5      | Killed Ijyb
  5209 | D:6      | Found Ysikh's Weapon Shop.
  5220 | D:6      | Reached skill level 1 in Invocations
  5441 | D:6      | Reached * piety under Okawaru
  5592 | D:6      | Reached XP level 9. HP: 88/88 MP: 11/11
  5633 | D:6      | Reached skill level 5 in Invocations
  6562 | D:7      | Reached ** piety under Okawaru
  6586 | D:7      | Noticed Joseph
  6601 | D:7      | Killed Joseph
  6732 | D:7      | Reached *** piety under Okawaru
  7242 | D:8      | Noticed a two-headed ogre
  7244 | D:8      | Noticed a two-headed ogre
  7252 | D:7      | Received a gift from Okawaru
  7253 | D:7      | Reached XP level 10. HP: 74/96 MP: 14/14
  7412 | D:8      | Killed a two-headed ogre
  7433 | D:8      | Killed a two-headed ogre
  7433 | D:8      | Reached **** piety under Okawaru
  7552 | D:8      | Reached skill level 10 in Shields
  7552 | D:8      | Reached skill level 1 in Throwing
  7944 | D:9      | Noticed a two-headed ogre
  7957 | D:9      | Killed a two-headed ogre
  7958 | D:9      | Reached skill level 5 in Throwing
  8486 | D:9      | Found a runed translucent gate.
  8488 | D:9      | Found a runed translucent gate.
  8488 | D:9      | Noticed a moth of wrath
  8489 | D:9      | Found a runed translucent gate.
  8489 | D:9      | Noticed a green ugly thing
  8489 | D:9      | a moth of wrath changed into a floating eye
  8490 | D:9      | Noticed a green ugly thing
  8491 | D:9      | Noticed a white ugly thing
  8491 | D:9      | Noticed a glowing orange brain
  8492 | D:9      | Noticed a purple ugly thing
  8494 | D:9      | Noticed a cyclops
  8494 | D:9      | a komodo dragon changed into a cyclops
  8495 | D:9      | Noticed an orb spider
  8495 | D:9      | a cyclops changed into an orb spider
  8499 | D:9      | Noticed a manticore
  8499 | D:9      | an orb spider changed into a manticore
  8500 | D:9      | a manticore changed into a yaktaur
  8830 | D:4      | Killed Tonnatak's ghost
  8830 | D:4      | Received a gift from Okawaru
  8831 | D:4      | Reached XP level 11. HP: 89/105 MP: 15/15
  8970 | D:10     | Entered Level 10 of the Dungeon
  9319 | D:10     | Found a staircase to the Lair.
  9346 | D:10     | Reached ***** piety under Okawaru
 10098 | D:10     | Received a gift from Okawaru
 10334 | Lair:1   | Entered Level 1 of the Lair of Beasts
 10462 | Lair:1   | Noticed an oklob plant
 11493 | Lair:1   | Reached skill level 10 in Fighting
 11598 | Lair:2   | Reached skill level 7 in Unarmed Combat
 11603 | Lair:2   | Reached XP level 12. HP: 126/126 MP: 9/16
 11702 | Lair:2   | Found a dark tunnel.
 12024 | Lair:2   | Reached skill level 8 in Unarmed Combat
 12210 | Lair:2   | Found a staircase to the Swamp.
 12460 | Lair:2   | Received a gift from Okawaru
 12581 | Lair:2   | Received a gift from Okawaru
 12582 | Lair:2   | Reached skill level 9 in Unarmed Combat
 12805 | Lair:3   | Reached skill level 10 in Unarmed Combat
 12867 | Lair:3   | Noticed Nergalle
 12878 | Lair:3   | Killed Nergalle
 12934 | Lair:3   | Noticed a death yak
 12937 | Lair:3   | Noticed a death yak
 12937 | Lair:3   | Noticed a death yak
 12938 | Lair:3   | Noticed a death yak
 12939 | Lair:3   | Noticed a death yak
 12939 | Lair:3   | Noticed a death yak
 12962 | Lair:3   | Killed a death yak
 12963 | Lair:3   | Reached skill level 11 in Unarmed Combat
 12972 | Lair:3   | Killed a death yak
 12975 | Lair:3   | Killed a death yak
 12979 | Lair:3   | Killed a death yak
 12984 | Lair:3   | Killed a death yak
 12985 | Lair:3   | Reached skill level 12 in Unarmed Combat
 12987 | Lair:3   | Killed a death yak
 13154 | Lair:3   | Received a gift from Okawaru
 13474 | Lair:3   | Noticed a boulder beetle
 13487 | Lair:3   | Killed a boulder beetle
 13784 | Lair:3   | Reached XP level 13. HP: 122/133 MP: 14/17
 13812 | Lair:4   | Reached skill level 13 in Unarmed Combat
 13957 | Lair:4   | Received a gift from Okawaru
 13987 | Lair:4   | Found a hole to the Spider Nest.
 14427 | Lair:5   | Found a gate leading to a gauntlet.
 14438 | Gauntlet | Entered a Gauntlet
 14438 | Gauntlet | Found a transporter.
 14453 | Gauntlet | Found a transporter.
 14453 | Gauntlet | Found a transporter.
 14454 | Gauntlet | Found a transporter.
 14475 | Gauntlet | Found a transporter.
 14475 | Gauntlet | Found a transporter.
 14476 | Gauntlet | Found a transporter.
 14477 | Gauntlet | Received a gift from Okawaru
 14511 | Gauntlet | Found a transporter.
 14517 | Gauntlet | Reached skill level 14 in Unarmed Combat
 14530 | Gauntlet | Found a transporter.
 14530 | Gauntlet | Found a transporter.
 14540 | Gauntlet | Found a transporter.
 14540 | Gauntlet | Found a transporter.
 14540 | Gauntlet | Found a transporter.
 14580 | Gauntlet | Found a transporter.
 14606 | Gauntlet | Identified the ring "Ichycimn" {+Blink rF++ rCorr Str+6
                  | Dex-2}
 14643 | Gauntlet | Identified the +4 scimitar of the Old World {flame, +Blink
                  | rCorr Dex-4}
 14643 | Gauntlet | Noticed a minotaur
 14653 | Gauntlet | Killed a minotaur
 14814 | Lair:5   | Reached skill level 15 in Unarmed Combat
 14835 | Lair:5   | Reached skill level 1 in Evocations
 14864 | Lair:5   | Identified the +2 cloak "Jurghuhe" {Str+3 Dex+8} (Okawaru
                  | gifted it to you on level 5 of the Lair of Beasts)
 14864 | Lair:5   | Received a gift from Okawaru
 15420 | Lair:6   | Entered Level 6 of the Lair of Beasts
 15432 | Lair:6   | Reached skill level 5 in Evocations
 15500 | Lair:5   | Reached XP level 14. HP: 86/143 MP: 11/18
 15625 | Lair:6   | Received a gift from Okawaru
 15690 | Lair:6   | Found a staircase to the Slime Pits.
 16188 | Lair:6   | Found a runed translucent gate.
 16188 | Lair:6   | Found a runed translucent gate.
 16188 | Lair:6   | Found a runed translucent gate.
 16195 | Lair:6   | Noticed MagicSucks's ghost (journeyman NaTm)
 16222 | Lair:6   | Killed MagicSucks's ghost
 16442 | Lair:6   | Received a gift from Okawaru
 17277 | D:11     | Identified the +1 robe of the Gusle {rN+ rCorr Slay+3}
                  | (Okawaru gifted it to you on level 11 of the Dungeon)
 17277 | D:11     | Received a gift from Okawaru
 17386 | D:11     | Found a glowing golden altar of the Shining One.
 18135 | D:12     | Found a staircase to the Orcish Mines.
 18271 | D:12     | Found Innogih's Armour Shoppe.
 18391 | D:12     | Reached skill level 10 in Evocations
 18583 | Orc:1    | Entered Level 1 of the Orcish Mines
 18609 | Orc:1    | Found Hewuha's Distillery.
 18639 | Orc:1    | Reached skill level 1 in Spellcasting
 18643 | Orc:1    | Bought a potion of invisibility for 112 gold pieces
 18893 | Orc:2    | Entered Level 2 of the Orcish Mines
 19427 | Orc:2    | Found Targh's Magic Scroll Boutique.
 19533 | Orc:2    | Found Migoidou's General Store.
 19555 | Orc:2    | Found Viymos's Magic Scroll Shop.
 19588 | Orc:2    | Bought a scroll of immolation for 42 gold pieces
 19590 | Orc:2    | Bought a potion of heal wounds for 70 gold pieces
 19590 | Orc:2    | Bought 2 potions of heal wounds for 140 gold pieces
 19664 | Orc:2    | Paralysed by an orc sorcerer for 3 turns
 19665 | Orc:2    | HP: 5/139 [poisoned by an orc knight]
 19665 | Orc:2    | Mangled by an orc knight

Illustrated notes

Levels and vault maps discovered:
D:1:      kilobyte_arrival_exit_the_forest, layout_loops_ring, serial_shops,
          shop
D:2:      layout_basic, uniq_robin
D:3:      layout_loops_corners, hellmonk_ecumenical_altar_pennies_from_heaven,
          gup_sewer_entry_bowl, chequers_serial_rivers_micro_d,
          minmay_lizard_king, uniq_pargi, uniq_terence
D:4:      layout_loops_cross, ebering_ghost_disaster_area, abandoned_shop,
          chequers_serial_rivers_room_b, minmay_misc_feat_doors,
          hangedman_decor_slide_cut, uniq_edmund, uniq_duvessa, uniq_menkaure
D:5:      layout_basic, mainiacjoe_overflow_alcove_3, minmay_temple_entry_grid,
          uniq_ijyb, uniq_grinder, uniq_sigmund
D:6:      layout_layer_cave, serial_shops, shop, grunt_decor_clamped,
          wad_rectangle_vault
D:7:      layout_basic, uniq_joseph
D:8:      minmay_s_stair_smasher, layout_rooms, minmay_misc_feat_rows
D:9:      layout_layer_cave, ploomutoo_gammafunk_ghost_potion_laboratory,
          minivault_16
D:10:     layout_gridville, due_lair_maze_entry_diamond
D:11:     layout_gridville, tso_oasis_becter
D:12:     layout_cave_pods, minmay_orc_entry_temple_small, serial_shops,
          kennysheep_mini_moat, serial_bayou_lagoon_b
Temple:   dpeg_five_rooms_temple
Lair:1:   lemuel_slime, layout_small_grid
Lair:2:   layout_regular_city, minmay_swamp_entry_eels,
          nicolae_volcano_entry_vermiform, st_stairs_6, ldierk_geyser
Lair:3:   layout_cave_pods, infiniplex_staircase_pool, grunt_megastairs_2,
          serial_bayou_shore_a, uniq_nergalle
Lair:4:   layout_misc_corridors, nicolae_spider_entry_non_spiders
Lair:5:   layout_cellular_growth, gauntlet_entry_generic, minmay_lindwurm_lava
Lair:6:   evilmike_catoblepas_cave, layout_cave_pods, slime_dummy,
          ebering_ghost_rock_garden
Orc:1:    layout_caves, serial_shops, shop
Orc:2:    pf_orc_diabolical, layout_caves, ebering_ghost_rock_garden,
          serial_shops, shop

Skill      XL: |  1  2  3  4  5  6  7  8  9 10 11 12 13 14 |
---------------+-------------------------------------------+-----
Shields        | 3 4 5 6 8 10 | 10.0
Fighting       | 3 4 5 10 | 10.0
Unarmed Combat | 3 4 5 6 7 12 15 | 15.0
Invocations    | 4 7 |  7.0
Throwing       | 6 |  6.0
Evocations     | 5 10 | 10.0
Spellcasting   | 2 |  2.6
Dodging        | |  2.5

Action                   |  1- 3 |  4- 6 |  7- 9 | 10-12 | 13-15 || total
-------------------------+-------+-------+-------+-------+-------++-------
Melee: Unarmed           |   141 |   272 |   307 |   655 |   767 ||  2142
       Scimitar          |       |       |       |       |     9 ||     9
Throw: Dart              |       |       |       |     5 |       ||     5
       Large rock        |       |       |       |     8 |       ||     8
       Boomerang         |       |       |       |     2 |       ||     2
Invok: Heroism           |       |       |     4 |    23 |    18 ||    45
       Finesse           |       |       |       |     4 |    10 ||    14
Evoke: Wand              |       |       |       |     2 |     2 ||     4
  Use: Scroll            |     1 |     5 |    11 |    12 |     5 ||    34
       Potion            |       |       |       |     2 |       ||     2
 Stab: Sleeping          |     1 |       |       |     1 |     1 ||     3
       Distracted        |       |       |     1 |       |     1 ||     2
       Invisible         |       |       |       |     3 |       ||     3
Armor: Robe              |    47 |    41 |       |       |    47 ||   135
       Animal skin       |       |   167 |    30 |       |       ||   197
       Steam dragon scal |       |       |    27 |   176 |   169 ||   372
Dodge: Dodged            |    35 |   118 |    61 |   132 |   125 ||   471
Block: Tower shield      |   107 |   246 |   230 |   702 |   656 ||  1941

Table legend: (Time is in decaauts)
 A = Elapsed time spent in this place.
 B = Non-inter-level travel time spent in this place.
 C = Inter-level travel time spent in this place.
 D = Time resting spent in this place.
 E = Time spent auto-exploring this place.
 F = Levels seen in this place.
 G = Mean time per level.
                   A        B        C        D        E       F      G
               +--------+--------+--------+--------+--------+-----+--------+
         Total |  19776 |  18733 |   1043 |   1184 |   8435 |  23 |  859.8 |
       Dungeon |  11638 |  10890 |    748 |    706 |   5631 |  12 |  969.8 |
        Temple |    128 |     76 |     52 |      0 |     31 |   1 |  128.0 |
          Lair |   6332 |   6124 |    208 |    459 |   2296 |   6 | 1055.3 |
  Orcish Mines |   1069 |   1035 |     34 |      0 |    419 |   2 |  534.5 |
         Sewer |    395 |    395 |      0 |      0 |     56 |   1 |  395.0 |
      Gauntlet |    211 |    211 |      0 |     19 |      0 |   1 |  211.0 |
               +--------+--------+--------+--------+--------+-----+--------+

Top non-repeatable levels by time:
    D:10: 1387 daAuts
     D:6: 1369 daAuts
  Lair:6: 1280 daAuts
  Lair:2: 1231 daAuts
  Lair:1: 1183 daAuts
     D:1: 1122 daAuts
     D:4: 1101 daAuts
  Lair:3: 1076 daAuts
     D:3: 1008 daAuts
  Lair:5: 953 daAuts
     D:5: 943 daAuts
    D:12: 859 daAuts
     D:7: 824 daAuts
     D:2: 819 daAuts
     D:9: 806 daAuts
